Map: Dusk Towers

Players

LilDicky

  • Race: Terran Terran
  • League: Diamond

mUngButtER - Winner!

  • Race: Zerg Zerg
  • League: Platinum

VOD

http://www.twitch.tv/tumescentpie

Description

Time

  • Played on: Jan. 3, 2016, 4:26 p.m.
  • Length: 8:53
Show
View Real Time Build Order
Export as new Build Order

LilDicky Terran 

Build Orders: Command Center First (CC), Mech 

Get SALT Encoding   

  12  0:03  SCV  
  13  0:15  SCV  
  13  0:20  Supply Depot  
  14  0:28  SCV  
  15  0:41  SCV  
  16  0:53  SCV  
  17  1:06  SCV  
  18  1:12  Command Center  
  18  1:20  SCV  
  18  1:24  Barracks  
  20  1:32  SCV  
  20  1:35  Refinery  
  20  1:38  Refinery  
  20  1:45  SCV  
  21  1:58  SCV  
  22  2:11  Marine  
  22  2:13  Supply Depot, Orbital Command  
  23  2:24  Orbital Command  
  23  2:28  Marine  
  24  2:38  Factory  
  24  2:40  SCV  
  25  2:47  Marine  
  26  2:51  SCV  
  27  2:59  SCV  
  27  3:01  Factory  
  27  3:04  SCV  
  27  3:05  Marine  
  30  3:07  Refinery  
  30  3:37  Marine  
  30  3:39  Factory Tech Lab  
  30  3:42  SCV  
  30  3:44  Factory, Factory Reactor  
  30  3:47  SCV, Factory  
  32  3:49  Refinery  
  32  3:54  Marine  
  33  3:59  Siege Tank  
  36  4:04  SCV  
  37  4:10  SCV  
  37  4:16  SCV  
  39  4:18  Armory  
  39  4:21  Infernal Pre-Igniter  
  39  4:23  Hellion x2  
  43  4:24  Marine  
  43  4:50  Hellion, Factory Reactor  
  43  4:51  Factory Reactor  
  41  4:54  SCV x2  
  43  5:03  Siege Tank  
  46  5:12  Supply Depot  
  46  5:34  Command Center, SCV x2, Hellion, Hellbat x2  
  54  5:38  Hellion x2  
  54  5:40  Supply Depot  
  54  5:44  Terran Vehicle And Ship Armor Level 1  
  54  5:45  Supply Depot  
  54  5:57  Engineering Bay  
  54  6:01  SCV x2  
  54  6:02  Hellion x2  
  51  6:19  Hellion, Widow Mine x3  
  51  6:20  SCV  
  51  6:23  SCV  
  61  6:32  Widow Mine  
  61  6:33  Missile Turret, Widow Mine  
  61  6:34  Hellion  
  61  6:38  SCV x2  
  67  6:41  Hellion  
  69  6:48  SCV  
  69  6:50  SCV  
  71  7:01  Barracks Tech Lab, Orbital Command  
  71  7:02  SCV  
  71  7:06  Hellion  
  71  7:07  Hellion, Siege Tank  
  71  7:08  Widow Mine  
  79  7:09  Widow Mine  
  79  7:13  SCV  
  84  7:18  Missile Turret  
  84  7:20  Supply Depot  
  84  7:21  Hi-Sec Auto Tracking  
  84  7:22  SCV  
  85  7:41  SCV, Widow Mine x2  
  85  7:42  Starport, Widow Mine  
  92  7:48  SCV, Barracks Reactor  
  92  7:50  Starport  
  93  7:51  Supply Depot  
  93  7:56  Supply Depot  
  93  8:00  SCV x2, Widow Mine x2  
  93  8:01  Supply Depot  
  99  8:09  Widow Mine  
  99  8:10  Widow Mine  
  67  8:41  Missile Turret  
Show
View Real Time Build Order
Export as new Build Order

mUngButtER Zerg - Winner!

Build Orders: Hatch First 

Get SALT Encoding   

  12  0:01  Drone  
  13  0:12  Overlord  
  13  0:18  Drone  
  14  0:31  Drone x2  
  14  0:35  Drone  
  17  0:55  Hatchery  
  16  0:59  Drone  
  16  1:00  Drone  
  18  1:15  Spawning Pool  
  18  1:18  Extractor  
  16  1:20  Drone  
  17  1:34  Drone  
  17  1:35  Drone  
  19  1:42  Overlord  
  19  1:54  Overlord  
  19  2:02  Queen  
  19  2:05  Zergling x2  
  19  2:07  Queen  
  24  2:09  Drone  
  24  2:13  Drone  
  26  2:19  Metabolic Boost  
  26  2:21  Zergling x2  
  27  2:25  Drone  
  28  2:34  Drone x2  
  30  2:41  Queen  
  30  2:44  Drone  
  33  2:53  Queen  
  33  2:54  Drone  
  36  3:02  Zergling x6  
  39  3:08  Drone  
  40  3:13  Drone x2  
  40  3:14  Drone  
  43  3:39  Drone  
  44  3:42  Overlord x2  
  44  3:48  Overlord  
  44  3:54  Hatchery  
  43  3:59  Drone  
  43  4:01  Drone x2  
  43  4:02  Drone x3  
  49  4:07  Roach Warren  
  48  4:10  Drone  
  48  4:11  Extractor  
  48  4:13  Drone x3  
  51  4:23  Drone x2  
  53  4:31  Zergling x4, Extractor  
  53  4:32  Extractor, Zergling x4  
  55  4:48  Drone x4  
  55  4:49  Drone  
  58  4:58  Lair  
  58  5:05  Evolution Chamber  
  57  5:07  Evolution Chamber  
  57  5:11  Drone x6  
  57  5:12  Drone  
  63  5:16  Extractor  
  63  5:17  Extractor  
  61  5:24  Roach x4  
  61  5:27  Overlord  
  69  5:36  Roach x2  
  69  5:42  Overlord x2  
  73  5:43  Hatchery, Queen  
  73  5:47  Zerg Missile Weapons Level 1  
  73  5:48  Zerg Ground Armor Level 1  
  74  6:00  Roach x3  
  74  6:01  Roach x5  
  90  6:05  Glial Reconstitution  
  83  6:20  Roach x5  
  83  6:23  Drone  
  94  6:29  Drone x2  
  96  6:41  Roach  
  96  6:43  Overlord x3  
  96  6:45  Pneumatized Carapace  
  98  7:05  Hatchery  
  98  7:07  Roach  
  98  7:08  Roach x9  
  117  7:22  Ravager x7  
  124  7:23  Overlord x2  
  124  7:34  Ravager x2  
  126  7:37  Zergling x2  
  126  7:38  Zergling x2  
  126  7:41  Zergling x2  
  126  7:42  Zergling x2  
  130  7:56  Overseer  
  130  8:00  Roach x7  
  130  8:02  Overlord  
  130  8:03  Overlord  
Tags
 
Add a new tag
Caveats
  • Supply blocks, unpowered buildings, or Contaminate may cause inaccurate times.
  • Supply counts are checked every 10 seconds.